 Dungeon Crawl Stone Soup version 0.25.1-2-g60ff931df9 (webtiles) character file.

Game seed: 16582849888832451282

188 Eitelfritz the Sneak (level 5, -2/32 HPs)
             Began as an Octopode Enchanter on Aug 14, 2020.
             Slain by a phantom (8 damage)
             ... on level 4 of the Dungeon.
             The game lasted 00:12:44 (2813 turns).

Eitelfritz the Sneak (Octopode Enchanter)           Turns: 2813, Time: 00:12:45

Health: -2/32      AC:  1    Str:  7    XL:     5   Next: 67%
Magic:  8/8        EV: 14    Int: 18    God:
Gold:   137        SH:  0    Dex: 13    Spells: 3/9 levels left

rFire    . . .     SeeInvis .   a - +1 dagger (elec)
rCold    . . .     Gourm    .   (no shield)
rNeg     . . .     Faith    .   (helmet restricted)
rPois    .         Spirit   .   (no amulet)
rElec    .         Reflect  .   (no ring)
rCorr    .         Harm     .   (no ring)
MR       .....                  (no ring)
Stlth    ++++......             (no ring)
HPRegen  0.10/turn              (no ring)
MPRegen  0.11/turn              (no ring)
                                (no ring)
                                (no ring)

@: no status effects
A: almost no armour, stealthy swim, amphibious, 8 rings, constrict 8, camouflage
1, gelatinous body 1
a: no special abilities


You were on level 4 of the Dungeon.
You were not hungry.

You visited 1 branch of the dungeon, and saw 4 of its levels.
You also visited: Sewer.

You collected 137 gold pieces.

Inventory:

Hand Weapons
 a - a +1 dagger of electrocution (weapon)
 g - a +1 falchion of protection
 m - a +1 dagger
Missiles
 p - 3 poisoned darts (quivered)
Wands
 f - a wand of random effects (9)
Scrolls
 b - 4 scrolls of teleportation {unknown}
 d - 4 scrolls of identify {unknown}
 e - a scroll of blinking {unknown}
 i - a scroll of remove curse {unknown}
 k - a scroll of random uselessness {unknown}
 n - 3 scrolls of fear {unknown}
 o - 3 scrolls of magic mapping {unknown}
 s - a scroll of fog {unknown}
Potions
 j - 3 potions of curing {unknown}
 l - a potion of ambrosia {unknown}
 q - 2 potions of flight {unknown}
Comestibles
 c - a ration


   Skills:
 + Level 0.9 Fighting
 + Level 2.2 Short Blades
 + Level 2.4 Dodging
 + Level 6.2 Stealth
 + Level 2.5 Spellcasting
 + Level 3.6 Hexes
 + Level 0.8 Ice Magic


You had 3 spell levels left.
You knew the following spells:

 Your Spells              Type           Power        Failure   Level  Hunger
a - Corona                Hex            ###....      4%          1    #......
b - Ensorcelled Hibernat  Hex/Ice        ##....       11%         2    ##.....
c - Tukima's Dance        Hex            ###.....     12%         3    ###....

Your spell library contained the following spells:

 Spells                   Type           Power        Failure   Level  Hunger
 Confusing Touch          Hex            ###.....     12%         3    ###....
 Dazzling Flash           Conj/Hex       #.....       24%         3    ###....


Dungeon Overview and Level Annotations

Branches:
Dungeon (4/15)              Sewer (visited)
 Temple: D:4-7

Altars:
Ashenzari
Vehumet

Shops:
D:4 *


Innate Abilities, Weirdness & Mutations

You cannot wear most types of armour.
You are very stealthy in the water. (Stealth+)
You are amphibious.
You can wear up to eight rings at the same time.
You can use your tentacles to constrict eight enemies at once.
Your skin changes colour to match your surroundings (Stealth+).
Your rubbery body absorbs attacks. (AC +1, EV +1)


Message History

The orc shouts!
You hear a shout!
An orc comes into view. It is wielding a +0 hand axe.
You closely miss the orc priest.
The orc priest hits you but does no damage.
Something hits you but does no damage.
You hit the orc priest but do no damage.
An orc comes into view. It is wielding a +0 short sword.
The orc priest hits you but does no damage.
You barely miss the orc priest. Something hits you.
* * * LOW HITPOINT WARNING * * *
The orc throws a stone.
The stone hits you but does no damage.
The orc priest hits you but does no damage.
You hit the orc priest but do no damage.
The orc throws a stone.
The stone hits you but does no damage.
You barely miss the orc priest.
You feel less wooden. The orc priest closely misses you.
The orc throws a stone.
The stone misses you. Something barely misses you. Something hits you!
You die...

+.. #.......o.... #..
#........# ..
.####..###........####..
.............∩(.........
................o.......
............%...o.((...
.....%.........oo...(.. .
.########+#####...########..
#........###.@.##.......#
#........#......#.......+
#........#......#.......#
#.....<..#......#.......#
#........######'#.......#
.....#####........########
.... #........# ...
#........# .. #........#


You could see an orc priest and 3 orcs.

Vanquished Creatures
  A big kobold (Sewer)
  A river rat (Sewer)
  2 adders (D:2)
  An ooze (D:3)
  3 worms
  3 leopard geckos
  6 orcs (D:3)
  A giant cockroach (D:1)
  8 goblins
  6 hobgoblins
  6 jackals
  2 quokkas
  3 bats
  6 frilled lizards
  11 kobolds
  8 rats
68 creatures vanquished.

Notes
Turn   | Place    | Note
-------+----------+-------------------------------------------
     0 | D:1      | Eitelfritz the Octopode Enchanter began the quest for the
                  | Orb.
     0 | D:1      | Reached XP level 1. HP: 11/11 MP: 3/3
   354 | D:1      | Reached XP level 2. HP: 17/17 MP: 5/5
   358 | D:1      | Learned a level 2 spell: Ensorcelled Hibernation
   946 | D:2      | Reached XP level 3. HP: 21/21 MP: 3/6
   990 | D:2      | Learned a level 3 spell: Tukima's Dance
  1147 | D:2      | Found a shattered altar of Ashenzari.
  1333 | D:2      | Reached skill level 5 in Stealth
  1563 | D:3      | Reached XP level 4. HP: 27/27 MP: 2/7
  1908 | D:3      | Noticed an ogre
  1973 | D:3      | Found a radiant altar of Vehumet.
  2024 | D:3      | Found a glowing drain.
  2040 | Sewer    | Entered a sewer
  2195 | Sewer    | Noticed a big kobold
  2213 | Sewer    | Killed a big kobold
  2213 | Sewer    | Reached skill level 6 in Stealth
  2213 | Sewer    | Reached XP level 5. HP: 23/32 MP: 8/8
  2363 | Sewer    | Found a glowing silver altar of Zin.
  2740 | D:4      | Found Suraib's Superlative Supplies.
  2744 | D:4      | Noticed a phantom
  2813 | D:4      | Slain by a phantom

Illustrated notes

Levels and vault maps discovered:
D:1:      wander_arrival_fairy_ring, layout_loops_ring
D:2:      layout_loops_cross, overflow_temple_1_default
D:3:      layout_rooms, fiery_altar_vehumet, cheibrodos_sewer_entry_bend,
          lightli_corner_chamber
D:4:      layout_gridville, first_ration, nicolae_alphabet_shops, uniq_natasha,
          uniq_duvessa

Skill      XL: |  1  2  3  4 |
---------------+-------------+-----
Stealth        | 5 6 |  6.2
Short Blades   | 2 |  2.2
Fighting       | |  0.9
Dodging        | |  2.4
Spellcasting   | |  2.5
Hexes          | |  3.6
Ice Magic      | |  0.8

Action                   |  1- 3 |  4- 6 || total
-------------------------+-------+-------++-------
Melee: Dagger            |    48 |    93 ||   141
       Constrict         |     7 |    18 ||    25
       Tentacles         |     5 |    11 ||    16
Throw: Dart              |       |     4 ||     4
 Cast: Ensorcelled Hiber |    10 |     8 ||    18
       Tukima's Dance    |       |     1 ||     1
Evoke: Wand              |       |     4 ||     4
  Use: Potion            |       |     4 ||     4
 Stab: Sleeping          |    24 |    10 ||    34
  Eat: Chunk             |     2 |     5 ||     7
Armor: Skin              |     3 |    14 ||    17
Dodge: Dodged            |    24 |    72 ||    96
